 Dungeon Crawl Stone Soup version 0.22-a0-165-g89cf10f13c (webtiles) character file.

491 MrRokkomies the Conjurer (level 7, -1/54 HPs)
             Began as a Tengu Air Elementalist on Feb 13, 2018.
             Was a Follower of Ru.
             Slain by a killer bee (2 damage)
             ... on level 4 of the Dungeon.
             The game lasted 00:15:10 (3152 turns).

MrRokkomies the Conjurer (Tengu Air Elementalist)   Turns: 3152, Time: 00:15:11

Health: -1/54      AC: 13    Str: 14 (15) XL:     7   Next: 14%
Magic:  17/20      EV: 13    Int: 13 (16) God:    Ru [*.....]
Gold:   189        SH:  0    Dex: 13 (14) Spells: 4/10 levels left

rFire    x . .     SeeInvis .   a - +1 dagger (venom)
rCold    + + .     Gourm    .   (no shield)
rNeg     . . .     Faith    .   k - +0 ice dragon scales
rPois    .         Spirit   .   (helmet restricted)
rElec    .         Reflect  .   h - +0 cloak
rCorr    .         Harm     .   p - +0 pair of gloves
MR       .....                  (boots unavailable)
Stlth    ..........             (no amulet)
HPRegen  0.18/turn              l - ring of magical power
MPRegen  0.17/turn              e - +4 ring of evasion

@: berserking, lethally poisoned (-1 -> -12), very quick
A: beak, talons 3, magic vulnerability 1, able to fly 1
a: Fly, Renounce Religion


You were on level 4 of the Dungeon.
You worshipped Ru.
Ru was aware of your devotion.
You were not hungry.

You visited 1 branch of the dungeon, and saw 4 of its levels.

You collected 189 gold pieces.

Inventory:

Hand Weapons
 a - a +1 dagger of venom (weapon)
 f - a +1 antimagic whip
Armour
 h - a +0 cloak (worn)
 k - +0 ice dragon scales (worn)
 o - a +1 robe
 p - a +0 pair of gloves (worn)
Jewellery
 e - a +4 ring of evasion (right hand)
 l - a ring of magical power (left hand)
Scrolls
 d - 5 scrolls of remove curse
Potions
 g - 2 potions of cancellation
 m - a potion of degeneration
Books
 b - a book of Air

   Spells                             Type                      Level
   a - Shock                          Conjuration/Air              1
   b - Swiftness                      Charms/Air                   2
   c - Static Discharge               Conjuration/Air              3
   d - Airstrike                      Air                          4
   e - Lightning Bolt                 Conjuration/Air              5
Comestibles
 c - 7 rations
 n - 5 chunks of flesh


   Skills:
 * Level 4.5 Armour
 - Level 2.1 Dodging
 - Level 2.0 Stealth
 - Level 2.0 Spellcasting
 * Level 6.5 Conjurations
 * Level 5.5 Air Magic


You had 4 spell levels left.
You knew the following spells:

 Your Spells              Type           Power        Failure   Level  Hunger
a - Shock                 Conj/Air       ###.         11%         1    ##.....
b - Swiftness             Chrm/Air       #.......     54%         2    ###....
c - Static Discharge      Conj/Air       ###.....     32%         3    ####...


Dungeon Overview and Level Annotations

Branches:
Dungeon (4/15)
 Temple: D:4-7

Altars:
Dithmenos
Ru
Wu Jian
Zin
The Shining One


Innate Abilities, Weirdness & Mutations

You have a beak for a mouth.
You have claws for feet.
You are slightly vulnerable to magic. (MR-)
You can fly.


Message History

* * * LOW HITPOINT WARNING * * *
The killer bee barely misses you.
It was a potion of berserk rage.
A red film seems to cover your vision as you go berserk!
You feel yourself moving faster!
You feel mighty!
* * * LOW HITPOINT WARNING * * *
You feel sick. The killer bee closely misses you. The killer bee misses you.
The killer bee closely misses you. x2
The killer bee is stunned by your will and fails to attack.
The killer bee stings you but does no damage.
An orc comes into view. It is wielding a club.
You closely miss the killer bee. Your kick misses the killer bee.
* * * LOW HITPOINT WARNING * * *
You feel sick.
You redirect the killer bee's attack!
The killer bee completely misses itself.
The killer bee closely misses you.
The killer bee stings you but does no damage.
The killer bee stings you.
You die...

.. .... ############### ....
........##....########....
........y@y..........+....
##########.##y##.###.####....
.........o.y.o.....#.#...###+
..........y..o...............
.....................#<#.###.
.........o...o..†..#####.# #)
...................# #.###)
...................#####.....
........)..........#...######


You could see 3 killer bees, an orc wizard and 3 orcs.

Vanquished Creatures
  A phantom (D:4)
  3 killer bees (D:4)
  An orc wizard (D:4)
  2 orc priests
  An iguana (D:4)
  A jelly (D:3)
  A howler monkey skeleton (D:4)
  4 adders
  An ooze (D:2)
  A worm (D:2)
  A leopard gecko (D:3)
  9 orcs
  5 bats
  3 giant cockroaches
  9 goblins
  9 hobgoblins
  16 jackals
  5 kobolds
  3 frilled lizards
  6 rats
82 creatures vanquished.

Notes
Turn   | Place    | Note
-------+----------+-------------------------------------------
     0 | D:1      | MrRokkomies the Tengu Air Elementalist began the quest for the Orb.
     0 | D:1      | Reached XP level 1. HP: 10/10 MP: 4/4
   110 | D:1      | Reached skill level 2 in Conjurations
   183 | D:1      | Reached XP level 2. HP: 14/15 MP: 6/6
   392 | D:1      | Found a glowing golden altar of the Shining One.
   674 | D:1      | Reached XP level 3. HP: 19/19 MP: 5/7
   742 | D:1      | Reached skill level 3 in Conjurations
  1000 | D:1      | Learned a level 2 spell: Swiftness
  1004 | D:1      | Learned a level 3 spell: Static Discharge
  1163 | D:2      | Reached skill level 5 in Air Magic
  1491 | D:2      | Reached skill level 1 in Armour
  1491 | D:2      | Reached XP level 4. HP: 24/24 MP: 8/8
  1642 | D:2      | Found a shadowy altar of Dithmenos.
  1650 | D:2      | Found a sacrificial altar of Ru.
  1662 | D:2      | Became a worshipper of Ru the Awakened
  1934 | D:3      | Reached skill level 4 in Conjurations
  2063 | D:3      | Found a glowing silver altar of Zin.
  2063 | D:3      | Found an ornate altar of the Wu Jian Council.
  2079 | D:3      | Gained mutation: You can fly. [Tengu growth]
  2079 | D:3      | Reached XP level 5. HP: 25/28 MP: 9/9
  2717 | D:4      | Reached skill level 5 in Conjurations
  2894 | D:4      | Noticed a phantom
  2915 | D:4      | Killed a phantom
  2915 | D:4      | Reached XP level 6. HP: 32/32 MP: 10/10
  2994 | D:4      | Reached skill level 6 in Conjurations
  3117 | D:4      | Gained mutation: You are slightly vulnerable to magic. (MR-) [Ru sacrifice]
  3117 | D:4      | Reached * piety under Ru
  3147 | D:4      | Reached XP level 7. HP: 19/36 MP: 11/11
  3151 | D:4      | HP: 2/54 [poisoned by a killer bee]
  3152 | D:4      | Slain by a killer bee

Vault maps used:
D:1:      dpeg_arrival_orchard, serial_bayou_ford_a, tso_altar
D:2:      grunt_temple_overflow_open
D:3:      gammafunk_temple_overflow_wave, serial_glass, glass_columns_c,
          glass_columns_b, glass_columns_a, glass_columns_a, glass_columns_a,
          glass_columns_b, glass_columns_a, glass_columns_a
D:4:      first_ration, minmay_misc_feat_iff, uniq_edmund

Skill      XL: |  1  2  3  4  5  6 |
---------------+-------------------+-----
Conjurations   | 2 3 4 5 6 |  6.5
Air Magic      | 5 |  5.5
Armour         | 1 2 3 4 |  4.5
Dodging        | |  2.1
Stealth        | |  2.0
Spellcasting   | |  2.0

Action                   |  1- 3 |  4- 6 |  7- 9 || total
-------------------------+-------+-------+-------++-------
Melee: Short sword       |    65 |    17 |       ||    82
       Unarmed           |     2 |       |       ||     2
       Peck              |    10 |     8 |       ||    18
       Kick              |    12 |    21 |       ||    33
       Dagger            |       |   104 |     1 ||   105
 Cast: Shock             |    28 |    20 |       ||    48
       Static Discharge  |       |       |     1 ||     1
Invok: Sacrifice Essence |       |     1 |       ||     1
 Abil: Fly               |       |     1 |       ||     1
  Use: Scroll            |     5 |     3 |       ||     8
       Potion            |       |     3 |     3 ||     6
 Stab: Sleeping          |     2 |       |       ||     2
  Eat: Chunk             |     2 |     6 |       ||     8
Armor: Robe              |     9 |       |       ||     9
       Ice dragon scales |    21 |    89 |     8 ||   118
Dodge: Dodged            |    33 |    88 |    13 ||   134

Table legend:
 A = Spawn XP
 B = Non-spawn XP
 C = Spawn XP percentage of total XP
 D = Spawn monster count
 E = Non-spawn monster count
 F = Spawn count percentage of total count
 G = Total turns spent on level
                    A         B        C        D         E        F      G
               +---------+---------+-------+---------+---------+-------+---------
         Total |       0 |     702 |   0.0 |       0 |      82 |   0.0 |  3152
               +---------+---------+-------+---------+---------+-------+---------
           D:1 |       0 |      42 |   0.0 |       0 |      23 |   0.0 |  1040
           D:2 |       0 |      58 |   0.0 |       0 |      22 |   0.0 |   862
           D:3 |       0 |     139 |   0.0 |       0 |      20 |   0.0 |   808
           D:4 |       0 |     463 |   0.0 |       0 |      17 |   0.0 |   442
               +---------+---------+-------+---------+---------+-------+---------
